BR
ONTARIO EMUS @ PLYMOUTH COCKS
09/29/2026
 
TOP OF THE 1ST
Ontario Emus batting - Pitching for Plymouth Cocks : LHP Roberto Galaz
Pitching: LHP Roberto Galaz
Batting: RHB Álex Ochoa 0-0: Called Strike
0-1: Called Strike
0-2: Strikes out swinging
Batting: RHB Álex Martínez 0-0: Called Strike
0-1: Foul Ball, location: 2F
0-2: Ball
1-2: Strikes out looking
Batting: RHB Ánibal Soto 0-0: Fly out, F8 (Flyball, 8LM)
Top of the 1st over - 0 run(s), 0 hit(s), 0 error(s), 0 left on base; Ontario 0 - Plymouth 0
BOTTOM OF THE 1ST
Plymouth Cocks batting - Pitching for Ontario Emus : RHP Ánibal Hernández
Pitching: RHP Ánibal Hernández
Batting: RHB Pablo Hernández 0-0: Ball
1-0: SINGLE (Line Drive, 56D)
Batting: LHB José Guzmán 0-0: Fielders Choice at 2nd, 6-4 (Groundball, 6M)
Batting: RHB Kelly Graham 0-0: Ball
1-0: Ball
2-0: Ball
3-0: Called Strike
3-1: Swinging Strike
3-2: Grounds into double play, 5-4-3 (Groundball, 5)
Bottom of the 1st over - 0 run(s), 1 hit(s), 0 error(s), 0 left on base; Ontario 0 - Plymouth 0
TOP OF THE 2ND
Ontario Emus batting - Pitching for Plymouth Cocks : LHP Roberto Galaz
Batting: RHB Júlio Colón 0-0: Called Strike
0-1: Reached on Error, E6 (Popup, 6)
Batting: SHB Darrel Lang 0-0: SINGLE (Line Drive, 89M)
Júlio Colón to second
Batting: RHB Albert Galindo 0-0: Ball
1-0: Hit by Pitch
Júlio Colón to third
Darrel Lang to second
Batting: RHB John Robertson 0-0: Called Strike
0-1: Foul Ball, location: 2F
0-2: Hit by Pitch
Júlio Colón scores
Darrel Lang to third
Albert Galindo to second
Batting: LHB Elvin Summers 0-0: Foul Ball, location: 2F
0-1: Foul Ball, location: 2F
0-2: Strikes out swinging
Batting: RHB Jack Crossey 0-0: Swinging Strike
0-1: Foul Ball, location: 2F
0-2: Ball
1-2: Strikes out swinging
Batting: RHB Álex Ochoa 0-0: Ball
1-0: Foul Ball, location: 2F
1-1: Ball
2-1: Fly out, F9 (Flyball, 89M)
Top of the 2nd over - 1 run(s), 1 hit(s), 1 error(s), 3 left on base; Ontario 1 - Plymouth 0
BOTTOM OF THE 2ND
Plymouth Cocks batting - Pitching for Ontario Emus : RHP Ánibal Hernández
Batting: RHB Tomás Díaz 0-0: Called Strike
0-1: Ground out 4-3 (Groundball, 4M)
Batting: RHB Chris Hall 0-0: Called Strike
0-1: Ground out 4-3 (Groundball, 4)
Batting: RHB Phil Hacker 0-0: Fly out, F8 (Flyball, 8LM)
Bottom of the 2nd over - 0 run(s), 0 hit(s), 0 error(s), 0 left on base; Ontario 1 - Plymouth 0
TOP OF THE 3RD
Ontario Emus batting - Pitching for Plymouth Cocks : LHP Roberto Galaz
Batting: RHB Álex Martínez 0-0: Ball
1-0: Called Strike
1-1: Called Strike
1-2: Strikes out swinging
Batting: RHB Ánibal Soto 0-0: Ground out 5-3 (Groundball, 5)
Batting: RHB Júlio Colón 0-0: Ball
1-0: Ground out 1-3 (Groundball, 13)
Top of the 3rd over - 0 run(s), 0 hit(s), 0 error(s), 0 left on base; Ontario 1 - Plymouth 0
BOTTOM OF THE 3RD
Plymouth Cocks batting - Pitching for Ontario Emus : RHP Ánibal Hernández
Batting: RHB Chase Wilkerson 0-0: Called Strike
0-1: Ball
1-1: Ground out 4-3 (Groundball, 4)
Batting: LHB Greg Sharpe 0-0: Reached on Error, E3 (Line Drive, 3)
Batting: LHB Will Elliott 0-0: Foul Ball, location: 2F
0-1: Fly out, F8 (Flyball, 8LM)
Batting: RHB Pablo Hernández 0-0: Ball
Pickoff Throw to First - Out!
Bottom of the 3rd over - 0 run(s), 0 hit(s), 1 error(s), 0 left on base; Ontario 1 - Plymouth 0
TOP OF THE 4TH
Ontario Emus batting - Pitching for Plymouth Cocks : LHP Roberto Galaz
Batting: SHB Darrel Lang 0-0: Called Strike
0-1: Ball
1-1: Swinging Strike
1-2: Foul Ball, location: 2F
1-2: Foul Ball, location: 2F
1-2: Ball
2-2: Strikes out swinging
Batting: RHB Albert Galindo 0-0: Ground out 5-3 (Groundball, 56)
Batting: RHB John Robertson 0-0: Ground out 3-1 (Groundball, 34S)
Top of the 4th over - 0 run(s), 0 hit(s), 0 error(s), 0 left on base; Ontario 1 - Plymouth 0
BOTTOM OF THE 4TH
Plymouth Cocks batting - Pitching for Ontario Emus : RHP Ánibal Hernández
Batting: RHB Pablo Hernández 0-0: Ball
1-0: Bunted foul
1-1: Ground out 5-3 (Groundball, 5S)
Batting: LHB José Guzmán 0-0: Ball
1-0: Foul Ball, location: 2F
1-1: SINGLE (Line Drive, 9S)
Batting: RHB Kelly Graham 0-0: Ball
1-0: Ball
2-0: Ball
3-0: Called Strike
3-1: SINGLE (Groundball, 6MD)
José Guzmán to second
Batting: RHB Tomás Díaz 0-0: Ball
1-0: Ball
2-0: Ball
3-0: Base on Balls
José Guzmán to third
Kelly Graham to second
Batting: RHB Chris Hall 0-0: Called Strike
0-1: SINGLE (Line Drive, 6M)
José Guzmán scores
Kelly Graham to third
Tomás Díaz to second
Runner from 3rd tries for Home, SAFE, no throw or cutoff
Batting: RHB Phil Hacker 0-0: Ball
1-0: Grounds into double play, 6-4-3 (Groundball, 6)
Bottom of the 4th over - 2 run(s), 3 hit(s), 0 error(s), 1 left on base; Ontario 1 - Plymouth 2
TOP OF THE 5TH
Ontario Emus batting - Pitching for Plymouth Cocks : LHP Roberto Galaz
Batting: LHB Elvin Summers 0-0: Foul Ball, location: 2F
0-1: Ball
1-1: Swinging Strike
1-2: Strikes out swinging
Batting: RHB Jack Crossey 0-0: Called Strike
0-1: Foul Ball, location: 2F
0-2: Strikes out swinging
Batting: RHB Álex Ochoa 0-0: Called Strike
0-1: Ball
1-1: Ball
2-1: Ground out 5-3 (Groundball, 5L)
Top of the 5th over - 0 run(s), 0 hit(s), 0 error(s), 0 left on base; Ontario 1 - Plymouth 2
BOTTOM OF THE 5TH
Plymouth Cocks batting - Pitching for Ontario Emus : RHP Ánibal Hernández
Batting: RHB Chase Wilkerson 0-0: Called Strike
0-1: Swinging Strike
0-2: Ball
1-2: Foul Ball, location: 2F
1-2: Fly out, F8 (Flyball, 8LM)
Batting: LHB Greg Sharpe 0-0: Ball
1-0: Ball
2-0: Foul Ball, location: 2F
2-1: SINGLE (Line Drive, 34)
Batting: LHB Will Elliott 0-0: Called Strike
0-1: Ball
1-1: Called Strike
1-2: Strikes out swinging
Batting: RHB Pablo Hernández 0-0: Ball
1-0: Called Strike
Greg Sharpe steals 2nd base
1-1: Foul Ball, location: 2F
1-2: Ball
2-2: Ground out 6-3 (Groundball, 6)
Bottom of the 5th over - 0 run(s), 1 hit(s), 0 error(s), 1 left on base; Ontario 1 - Plymouth 2
TOP OF THE 6TH
Ontario Emus batting - Pitching for Plymouth Cocks : LHP Roberto Galaz
Batting: RHB Álex Martínez 0-0: DOUBLE (Line Drive, 9LM)
Batting: RHB Ánibal Soto 0-0: 2-RUN HOME RUN (Flyball, 7D), Distance : 381 ft
Batting: RHB Júlio Colón 0-0: Ball
1-0: Ball
2-0: Foul Ball, location: 2F
2-1: Swinging Strike
2-2: Strikes out looking
Batting: SHB Darrel Lang 0-0: Ball
1-0: Ball
2-0: SINGLE (Line Drive, 89S)
Batting: RHB Albert Galindo 0-0: Ball
1-0: Grounds into double play, 4-6-3 (Groundball, 4D)
Top of the 6th over - 2 run(s), 3 hit(s), 0 error(s), 0 left on base; Ontario 3 - Plymouth 2
BOTTOM OF THE 6TH
Plymouth Cocks batting - Pitching for Ontario Emus : RHP Ánibal Hernández
Batting: LHB José Guzmán 0-0: Called Strike
0-1: Ball
1-1: Ball
2-1: Ball
3-1: Swinging Strike
3-2: Strikes out swinging
Batting: RHB Kelly Graham 0-0: Foul Ball, location: 2F
0-1: DOUBLE (Line Drive, 9LM)
Batting: RHB Tomás Díaz 0-0: Swinging Strike
0-1: Swinging Strike
0-2: Foul Ball, location: 2F
0-2: Ground out 6-3 (Groundball, 6)
Kelly Graham to third
Batting: RHB Chris Hall 0-0: Fly out, F7 (Flyball, 7S)
Bottom of the 6th over - 0 run(s), 1 hit(s), 0 error(s), 1 left on base; Ontario 3 - Plymouth 2
TOP OF THE 7TH
Ontario Emus batting - Pitching for Plymouth Cocks : LHP Roberto Galaz
Batting: RHB John Robertson 0-0: Called Strike
0-1: Called Strike
0-2: Ball
1-2: SOLO HOME RUN (Flyball, 7LD), Distance : 353 ft
Batting: LHB Elvin Summers 0-0: Called Strike
0-1: Ball
1-1: Called Strike
1-2: Strikes out looking
Batting: RHB Jack Crossey 0-0: Ball
1-0: Swinging Strike
1-1: Foul Ball, location: 2F
1-2: Ground out 6-3 (Groundball, 6)
Batting: RHB Álex Ochoa 0-0: Called Strike
0-1: Swinging Strike
0-2: Ball
1-2: Ball
2-2: Foul Ball, location: 2F
2-2: Strikes out swinging
Top of the 7th over - 1 run(s), 1 hit(s), 0 error(s), 0 left on base; Ontario 4 - Plymouth 2
BOTTOM OF THE 7TH
Plymouth Cocks batting - Pitching for Ontario Emus : RHP Ánibal Hernández
Batting: RHB Phil Hacker 0-0: Called Strike
0-1: Ball
1-1: SINGLE (Line Drive, 56D)
Batting: RHB Chase Wilkerson 0-0: Ball
Throwing error on steal attempt, E2
Phil Hacker to third
1-0: Ball
2-0: Called Strike
2-1: Fly out, F7 (Line Drive, 7M)
Runner from 3rd tags up, SCORES, no throw
Batting: LHB Greg Sharpe 0-0: Ball
1-0: Called Strike
1-1: Called Strike
1-2: SOLO HOME RUN (Flyball, 89XD), Distance : 434 ft
Pitching: LHP José Reyes
Pinch Hitting: RHB Dan Duckworth 0-0: Ball
1-0: Ball
2-0: Ball
3-0: Called Strike
3-1: Base on Balls
Batting: RHB Pablo Hernández 0-0: Ball
1-0: Fly out, F9 (Flyball, 89M)
Pitching: LHP José Aragón
Pinch Hitting: RHB Cipriano Baca 0-0: Ball
1-0: Called Strike
1-1: Ball
2-1: Ball
3-1: Called Strike
3-2: SINGLE (Line Drive, 4M)
Dan Duckworth to second
Dan Duckworth to third
Batting: RHB Kelly Graham 0-0: Ground out 6-3 (Groundball, 6)
Bottom of the 7th over - 2 run(s), 3 hit(s), 1 error(s), 2 left on base; Ontario 4 - Plymouth 4
TOP OF THE 8TH
Ontario Emus batting - Pitching for Plymouth Cocks : LHP Roberto Galaz
Pitching: RHP Luis Miguel Laqui
Now at 2B: Cipriano Baca
Now at 3B: Dan Duckworth
Pinch Hitting: LHB Cipriano Martínez 0-0: SINGLE (Line Drive, 78S)
Pinch Runner at 1st Glen Madden:
Batting: RHB Ánibal Soto 0-0: Called Strike
0-1: Ball
Glen Madden steals 2nd base
1-1: Foul Ball, location: 2F
1-2: 2-RUN HOME RUN (Line Drive, 8LXD), Distance : 443 ft
Batting: RHB Júlio Colón 0-0: Called Strike
0-1: Foul Ball, location: 2F
0-2: Strikes out swinging
Batting: SHB Darrel Lang 0-0: SINGLE (Line Drive, 34D)
Batting: RHB Albert Galindo 0-0: Ball
1-0: Called Strike
1-1: Foul Ball, location: 2F
1-2: Fly out, F9 (Flyball, 89M)
Batting: RHB John Robertson 0-0: Ball
1-0: Ball
2-0: Called Strike
2-1: Ball
3-1: Base on Balls
Darrel Lang to second
Batting: LHB Elvin Summers 0-0: Called Strike
0-1: Ball
1-1: Ball
2-1: Swinging Strike
2-2: Strikes out swinging
Top of the 8th over - 2 run(s), 3 hit(s), 0 error(s), 2 left on base; Ontario 6 - Plymouth 4
BOTTOM OF THE 8TH
Plymouth Cocks batting - Pitching for Ontario Emus : LHP José Aragón
Now at SS: Glen Madden
Batting: RHB Tomás Díaz 0-0: Hit by Pitch
Pitching: RHP Héctor Villegas
Batting: RHB Chris Hall 0-0: Foul Ball, location: 2F
0-1: Called Strike
0-2: Foul Ball, location: 2F
0-2: Foul Ball, location: 2F
0-2: Reached on error, E6 (Groundball, 6)
Tomás Díaz to second
Pinch Hitting: RHB Juan Morales 0-0: Ball
1-0: SINGLE (Line Drive, 6MD)
Tomás Díaz to third
Chris Hall to second
Batting: RHB Chase Wilkerson 0-0: Ball
1-0: Foul Ball, location: 2F
1-1: Ball
2-1: Ball
3-1: Base on Balls
Tomás Díaz scores
Chris Hall to third
Juan Morales to second
Pitching: LHP Albert Martin
Pinch Hitting: RHB Jake Erickson 0-0: Swinging Strike
0-1: Ball
1-1: Foul Ball, location: 2F
1-2: Ball
2-2: Grounds into fielders choice 6-2 (Groundball, 6)
Juan Morales to third
Chase Wilkerson to second
Pitching: RHP Max Briggs
Batting: RHB Dan Duckworth 0-0: Ball
1-0: Ball
2-0: Ball
3-0: Called Strike
3-1: SINGLE (Groundball, 6MD)
Juan Morales scores
Chase Wilkerson to third
Jake Erickson to second
Runner from 3rd tries for Home, SAFE, throw made home
Batting: RHB Pablo Hernández 0-0: SINGLE (Line Drive, 7LS)
Jake Erickson to third
Dan Duckworth to second
Batting: RHB Cipriano Baca 0-0: SINGLE (Line Drive, 7S)
Jake Erickson scores
Dan Duckworth to third
Pablo Hernández to second
Batting: RHB Kelly Graham 0-0: Ball
1-0: Ball
2-0: Swinging Strike
2-1: Foul Ball, location: 2F
2-2: Foul Ball, location: 2F
2-2: DOUBLE (Line Drive, 89S)
Dan Duckworth scores
Pablo Hernández scores
Cipriano Baca to third
Runner from 3rd tries for Home, SAFE, no throw or cutoff
Pitching: RHP Shaun Harris
Batting: RHB Tomás Díaz 0-0: Ground out 2-3 (Groundball, 2R)
Kelly Graham to third
Batting: RHB Chris Hall 0-0: Foul Ball, location: 2F
0-1: SINGLE (Groundball, 25) (infield hit)
Kelly Graham scores
Batting: RHB Juan Morales 0-0: Foul Ball, location: 2F
0-1: Called Strike
0-2: Foul Ball, location: 2F
0-2: Ball
Chris Hall steals 2nd base
1-2: Foul Ball, location: 2F
1-2: Ball
2-2: Foul Ball, location: 2F
2-2: Ball
3-2: Base on Balls
Batting: RHB Chase Wilkerson 0-0: Ball
1-0: Ball
2-0: Foul Ball, location: 2F
2-1: Ground out 6-3 (Groundball, 6)
Bottom of the 8th over - 8 run(s), 6 hit(s), 1 error(s), 2 left on base; Ontario 6 - Plymouth 12
TOP OF THE 9TH
Ontario Emus batting - Pitching for Plymouth Cocks : RHP Luis Miguel Laqui
Now at 3B: Jake Erickson
Now in LF: Brian Jackson
Batting: RHB Jack Crossey 0-0: SINGLE (Groundball, 34)
Batting: RHB Álex Ochoa 0-0: Hit by Pitch
Jack Crossey to second
Batting: RHB Glen Madden 0-0: SINGLE (Groundball, 4)
Jack Crossey to third
Álex Ochoa to second
Batting: RHB Ánibal Soto 0-0: DOUBLE (Line Drive, 7LS)
Jack Crossey scores
Álex Ochoa scores
Glen Madden to third
Pitching: LHP John Dyer
Batting: RHB Júlio Colón 0-0: SINGLE (Line Drive, 7LM)
Glen Madden scores
Ánibal Soto to third
Batting: SHB Darrel Lang 0-0: Foul Ball, location: 2F
0-1: Ball
1-1: Ball
2-1: SINGLE (Groundball, 56D)
Ánibal Soto scores
Júlio Colón to second
Batting: RHB Albert Galindo 0-0: Foul Ball, location: 2F
0-1: Foul Ball, location: 2F
0-2: Strikes out looking
Batting: RHB John Robertson 0-0: SINGLE (Line Drive, 6MD)
Júlio Colón to third
Darrel Lang to second
Runner from 3rd tries for Home, SAFE, throw made home
Pinch Hitting: SHB César Maldonado 0-0: Ball
1-0: Called Strike
1-1: SINGLE (Line Drive, 56D)
Darrel Lang to third
John Robertson to second
Batting: RHB Jack Crossey 0-0: Swinging Strike
0-1: Ball
1-1: Called Strike
1-2: Ball
2-2: DOUBLE (Flyball, 89D)
Darrel Lang scores
John Robertson scores
César Maldonado to third
Batting: RHB Álex Ochoa 0-0: Intentional Walk
Pinch Hitting: RHB Roberto Ramírez 0-0: Foul Ball, location: 2F
0-1: Grounds into fielders choice 5-2 (Groundball, 56S)
Jack Crossey to third
Álex Ochoa to second
Batting: RHB Ánibal Soto 0-0: Ball
1-0: Ball
2-0: Called Strike
2-1: Ball
3-1: Called Strike
3-2: Base on Balls
Jack Crossey scores
Álex Ochoa to third
Roberto Ramírez to second
Pitching: RHP Dan Ramsey
Batting: RHB Júlio Colón 0-0: Called Strike
0-1: Called Strike
0-2: Strikes out looking
Top of the 9th over - 8 run(s), 8 hit(s), 0 error(s), 3 left on base; Ontario 14 - Plymouth 12
BOTTOM OF THE 9TH
Plymouth Cocks batting - Pitching for Ontario Emus : RHP Shaun Harris
Pitching: LHP Walt MacKey
Now at SS: Bill Bourland
Now in LF: César Maldonado
Batting: RHB Jake Erickson 0-0: Ball
1-0: Ball
2-0: Ball
3-0: Called Strike
3-1: Ground out 1-3 (Groundball, 13S)
Batting: RHB Dan Duckworth 0-0: Ball
1-0: Swinging Strike
1-1: Fly out, F4 (Popup, 4)
Batting: RHB Pablo Hernández 0-0: Ball
1-0: Ball
2-0: SINGLE (Groundball, 56D)
Batting: RHB Cipriano Baca 0-0: Ball
1-0: Called Strike
1-1: Swinging Strike
1-2: DOUBLE (Groundball, 5L)
Pablo Hernández to third
Batting: RHB Kelly Graham 0-0: Ball
1-0: Ball
2-0: Foul Ball, location: 2F
2-1: Ball
3-1: Called Strike
3-2: Base on Balls
Batting: RHB Tomás Díaz 0-0: Ball
1-0: Ball
2-0: Called Strike
2-1: Ball
3-1: Called Strike
3-2: Foul Ball, location: 2F
3-2: Ground out U3 (Groundball, 3)
Bottom of the 9th over - 0 run(s), 2 hit(s), 0 error(s), 3 left on base; Ontario 14 - Plymouth 12
Monday, December 5th, 2016 - OOTP Baseball 17.12 Build 75